 Dungeon Crawl Stone Soup version 0.31-a0-981-geadf994542 (webtiles) character file.

Game seed: 549521512931559254

2 ssssss the Ruffian (level 1, 0/17 HPs)
             Began as a Djinni Shapeshifter on Nov 1, 2023.
             Slain by a frilled lizard (2 damage)
             ... on level 1 of the Dungeon.
             The game lasted 00:01:24 (102 turns).

ssssss the Ruffian (Djinni Shapeshifter)             Turns: 102, Time: 00:01:24

Health: 0/17       AC:  2    Str: 13    XL:     1   Next: 44%
Gold:   12         EV: 12    Int: 11    God:
                   SH:  0    Dex: 12

rFire   + +          .
                       - Unarmed
rCold   x . .        (no shield)
rNeg    . . .        a - +0 animal skin
rPois   ∞            (helmet currently unavailable)
rElec   .            (cloak currently unavailable)
rCorr   .            (gloves currently unavailable)
SInv    .            (boots unavailable)
Will    .....        (no amulet)
Stlth   +            (no ring)
HPRegen 0.22/turn    (no ring)
MPRegen 0.00/turn

%: infuse magic (-1 HP)
@: beast-form, flying
A: beast (slay +1), flying, sickness immunity, fire resistance 2, cold
vulnerability 1, float, innate caster, HP casting, extra vitality 1
a: Begin Untransformation


You were on level 1 of the Dungeon.
You were a hulking beast.
You visited 1 branch of the dungeon, and saw 1 of its levels.

You collected 12 gold pieces.

Inventory:

Armour
 a - a +0 animal skin (worn)
Talismans
 c - a beast talisman (active)
 d - a flux talisman
Potions
 b - a potion of lignification


   Skills:
 + Level 1.0 Fighting
 + Level 2.1 Dodging
 + Level 3.0 Unarmed Combat
 + Level 2.6 Shapeshifting You didn't know any spells. Your spell library was empty.

Dungeon Overview and Level Annotations

Branches:
Dungeon (1/15)

Altars:


Innate Abilities, Weirdness & Mutations

You are a hulking beast.
Your limbs bulge with bestial killing power. (Slay +1)
You are flying.
You are immune to sickness and miasma.
You are immune to poison.
Your flesh is very heat resistant. (rF++)
You are vulnerable to cold. (rC-)
You float through the air rather than walking.
You learn spells naturally, not from books.
Your magical power is your life essence.
You have superior vitality. (+4 MHP)


Message History

The goblin attacks as it pursues you! The goblin closely misses you.
You hear a shout!
The goblin hits you with a +0 club. The jackal bites you.
The goblin hits you with a +0 club.
You hit the jackal.
The jackal is heavily wounded.
The jackal barely misses you. The goblin hits you but does no damage.
A hobgoblin comes into view.
The jackal bites you. The goblin hits you but does no damage.
The jackal barely misses you. The jackal closely misses you.
The jackal barely misses you. The jackal bites you.
The jackal bites you but does no damage.
The jackal barely misses you. The jackal barely misses you.
The frilled lizard barely misses you. The jackal closely misses you.
The jackal bites you but does no damage.
The jackal attacks as it pursues you!
The jackal bites you but does no damage.
The jackal barely misses you.
A jackal comes into view.
The jackal bites you.
The jackal misses you. x2; The jackal moves out of view.
The jackal barely misses you. The jackal attacks as it pursues you!
The jackal barely misses you. The goblin barely misses you.
The jackal bites you. The jackal barely misses you. The jackal bites you.
The jackal bites you but does no damage.
The jackal misses you. The jackal closely misses you. x2
The jackal attacks as it pursues you! The jackal barely misses you. x2
The goblin hits you with a +0 club.
* * * LOW HITPOINT WARNING * * *
The jackal closely misses you. The goblin barely misses you.
The jackal bites you.
* * * LOW HITPOINT WARNING * * *
The jackal attacks as it pursues you! The jackal misses you.
The goblin barely misses you. The frilled lizard bites you.
You die...

# #...##.~~~~.~~~~
#...##.~~~≈.~~~~
######...##.≈≈≈~.~≈≈≈
#...........~≈~~.~≈≈~
#....#.).##.P~~...≈~P
#....#...##..........
#....#...##.....<....
#.ggl#...............
##hhh†...#..P~~...~~P
#.......#..≈≈≈~.≈~≈~
#.........(≈≈≈~.~≈≈~
#.####..##.≈~~~.~~~~
#.####..##.~~~~.~~~~
#....."###.~~~≈.~~~~
###......#.≈~~~.~~~≈
#......#.# ###.##.#.#


You could see 2 jackals, a hobgoblin, a goblin and a frilled lizard.

Vanquished Creatures
  An endoplasm (D:1)
  A hobgoblin (D:1)
2 creatures vanquished.

Notes
Turn   | Place    | Note
-------+----------+-------------------------------------------
     0 | D:1      | ssssss the Djinni Shapeshifter began the quest for the Orb.
     0 | D:1      | Reached XP level 1. HP: 17/17 MP: 0/0
   102 | D:1      | Slain by a frilled lizard

Illustrated notes

Levels and vault maps discovered:
D:1:      giann_bridges, layout_basic

Action                     || total
---------------------------++-------
  Melee: Unarmed           ||     6
 Armour: Animal skin       ||    18
  Dodge: Dodged            ||    27
   Form: Beast             ||     1

Table legend: (Time is in decaauts)
 A = Elapsed time spent in this place.
 B = Non-inter-level travel time spent in this place.
 C = Inter-level travel time spent in this place.
 D = Time resting spent in this place.
 E = Time spent auto-exploring this place.
 F = Levels seen in this place.
 G = Mean time per level.
                   A        B        C        D        E       F      G
               +--------+--------+--------+--------+--------+-----+--------+
         Total |    101 |    101 |      0 |      0 |      0 |   1 |  101.0 |
       Dungeon |    101 |    101 |      0 |      0 |      0 |   1 |  101.0 |
               +--------+--------+--------+--------+--------+-----+--------+

Top non-repeatable levels by time:
     D:1: 101 daAuts
